 Dungeon Crawl Stone Soup version 0.19.5 (webtiles) character file.

2231 equalderp2856 the Gouger (level 9, -4/39 HPs)
             Began as a Felid Fighter on Mar 27, 2017.
             Killed from afar by Lucio's ghost (9 damage)
             ... with a magic dart
             ... on level 8 of the Dungeon.
             The game lasted 00:28:40 (15225 turns).

equalderp2856 the Gouger (Felid Fighter)           Turns: 15225, Time: 00:28:41

Health: -4/39      AC:  2    Str: 13      XL:     9   Next: 14%
Magic:  10/10      EV: 23    Int: 11      God:
Gold:   489        SH:  0    Dex: 14 (16) Spells: 0 memorised, 8 levels left
                                        Lives:  0   Deaths: 2

rFire  . . .     SeeInvis +       - Unarmed
rCold  + . .     Gourm    .     (armour unavailable)
rNeg   . . .     Faith    .     (shield unavailable)
rPois  .         Spirit   .     (helmet unavailable)
rElec  .         Reflect  .     (cloak unavailable)
rCorr  .         Harm     .     (gloves unavailable)
MR     ++...                    (boots unavailable)
Stlth  ++++......               (no amulet)
                                v - ring of protection from cold
                                h - ring of protection from magic

@: quick
A: no armour, no weapons or thrown items, stealth, claws 1, fangs 3, see
invisible, carnivore 3, speed 1, shaggy fur 2, slow metabolism 1, sharp paws
a: no special abilities


You were on level 8 of the Dungeon.
You were not hungry.

You visited 2 branches of the dungeon, and saw 9 of its levels.

You collected 489 gold pieces.

Inventory:

Missiles
 m - 109 arrows
Jewellery
 h - a ring of protection from magic (left paw)
 s - an uncursed ring of wizardry
 t - an uncursed ring of protection from fire
 v - a ring of protection from cold (right paw)
Wands
 x - a wand of paralysis (15/24)
 z - a wand of slowing (21/48)
Scrolls
 c - 4 scrolls of enchant weapon {unknown}
 d - 7 scrolls of noise {unknown}
 e - 5 scrolls of remove curse {unknown}
 f - 2 scrolls of random uselessness {unknown}
 i - 6 scrolls of teleportation {unknown}
 j - a scroll of blinking {unknown}
 n - a scroll of immolation {unknown}
 o - 7 scrolls of identify {unknown}
 q - 2 scrolls of enchant armour {unknown}
Potions
 a - 2 potions of might
 k - 2 potions of degeneration
 u - a potion of berserk rage
 w - a potion of invisibility {unknown}
Books
 y - a book of Necromancy

   Spells                             Type                      Level
   a - Pain                           Necromancy                   1
   b - Animate Skeleton               Necromancy                   1
   c - Vampiric Draining              Necromancy                   3
   d - Regeneration                   Charms/Necromancy            3
   e - Animate Dead                   Necromancy                   4
   f - Control Undead                 Necromancy                   4
Comestibles
 b - 5 meat rations
 g - 2 beef jerkies
 l - a bread ration
 r - 2 slices of pizza


   Skills:
 + Level 4.4 Fighting
 + Level 8.2 Dodging
 + Level 6.8 Stealth
 + Level 11.0 Unarmed Combat


You had 8 spell levels left.
You didn't know any spells.

Dungeon Overview and Level Annotations

Branches:
Dungeon (8/15)             Temple (1/1) D:7
   Lair: D:8-11

Altars:
Dithmenos
Nemelex Xobeh
Okawaru

Annotations:
D:8 Lucio's ghost, novice VSCj; Psyche


Innate Abilities, Weirdness & Mutations

You cannot wear armour.
You are incapable of wielding weapons or throwing items.
Your paws allow you to move quietly. (Stealth)
You have sharp claws.
You have razor-sharp teeth.
You have supernaturally acute eyesight. (SInv)
You are carnivorous and can eat meat at any time.
You cover ground quickly.
You are covered in thick fur. (AC +2)
You have a slow metabolism.
Your sharp claws are effective at attacking unaware monsters.


Message History

The hound skeleton is almost destroyed.
The hound skeleton completely misses you.
You barely miss the hound skeleton.
The hound skeleton is almost destroyed.
The hound skeleton bites you.
You scratch the hound skeleton.
You destroy the hound skeleton!
Lucio's ghost casts a spell at you. The magic dart hits you!
There is a stone staircase leading up, spattered with blood here.
You claw the giant cockroach!
You kill the giant cockroach!
Lucio's ghost casts a spell at you. The magic dart hits you!
Lucio's ghost gestures at you while chanting.
The magic dart hits you!
* * * LOW HITPOINT WARNING * * *
Lucio's ghost points at you and mumbles some strange words.
The magic dart hits you!
You die...

.##........#..........# ### #
####...####.#############.#######
#####..####[# #.#.......
..........#.# ##.#######
#####..##.#.# #.# .......##.#.#
#.# ######.##.#.# #.#
.......##.#.#############.#
#########.......@.......#.#
###...#########W#.# #.....# #.#.#
#.....# #s..# #...).# #######..#
###### ##...## #....##..# .....#
##.## #.##.##..###### ####.# #.#
#.##........... #.# #.#
#.#####...#####


You could see Lucio's ghost.

Vanquished Creatures
  2 orc warriors
  Duvessa (D:7)
  2 sky beasts
  An ice beast (D:3)
  2 centaurs (D:6)
  5 ogres
  A crocodile (D:7)
  2 bullfrogs
  6 scorpions
  Dowan (D:7)
  A howler monkey (D:4)
  2 crimson imps
  A bullfrog zombie (D:7)
  5 hounds
  4 orc wizards
  5 orc priests
  A centaur skeleton (D:7)
  A bullfrog skeleton (D:8)
  An iguana (D:8)
  7 worker ants
  A hound zombie (D:5)
  A hound skeleton (D:8)
  2 worker ant zombies
  13 adders
  A shadow imp (D:6)
  2 oozes
  2 adder skeletons (D:5)
  2 worms
  A dart slug (D:5)
  7 leopard geckos
  25 orcs
  3 ball pythons
  6 bats
  5 giant cockroaches
  15 goblins
  6 hobgoblins
  20 jackals
  2 quokkas (D:3)
  7 frilled lizards
  A jackal skeleton (D:6)
  8 kobolds
  A leopard gecko zombie (D:8)
  9 rats
191 creatures vanquished.

Notes
Turn   | Place    | Note
-------+----------+-------------------------------------------
     0 | D:1      | equalderp2856 the Felid Fighter began the quest for the Orb.
     0 | D:1      | Reached XP level 1. HP: 10/10 MP: 2/2
   596 | D:1      | Reached XP level 2. HP: 9/14 MP: 3/3
   774 | D:1      | Found a sparkling altar of Nemelex Xobeh.
  1278 | D:1      | Reached XP level 3. HP: 17/17 MP: 4/4
  1614 | D:2      | Found an iron altar of Okawaru.
  1653 | D:2      | Reached skill level 1 in Stealth
  2887 | D:2      | Reached XP level 4. HP: 21/21 MP: 5/5
  3021 | D:3      | Noticed an ice beast
  3641 | D:2      | Killed from afar by an orc wizard
  3642 | D:2      | Reached XP level 3. HP: -3/17 MP: 4/4
  4346 | D:3      | Reached skill level 5 in Unarmed Combat
  4478 | D:3      | Reached XP level 4. HP: 14/21 MP: 5/5
  5253 | D:3      | Reached skill level 5 in Dodging
  5395 | D:3      | Reached XP level 5. HP: 24/24 MP: 6/6
  5982 | D:4      | Noticed a sky beast
  6002 | D:5      | Entered Level 5 of the Dungeon
  6177 | D:5      | Reached skill level 6 in Unarmed Combat
  6308 | D:5      | Gained mutation: You are covered in thick fur. (AC +2) [Felid growth]
  6308 | D:5      | Reached XP level 6. HP: 28/28 MP: 7/7
  7303 | D:5      | Reached skill level 7 in Unarmed Combat
  7847 | D:5      | Reached XP level 7. HP: 31/31 MP: 8/8
  8128 | D:5      | Found a shadowy altar of Dithmenos.
  8374 | D:6      | Reached skill level 8 in Unarmed Combat
  9644 | D:7      | Reached skill level 5 in Stealth
  9644 | D:7      | Reached XP level 8. HP: 36/36 MP: 9/9
  9796 | D:7      | Found a staircase to the Ecumenical Temple.
  9850 | Temple   | Entered the Ecumenical Temple
  9854 | Temple   | Slain by an ice beast
  9855 | Temple   | Reached XP level 7. HP: -3/31 MP: 8/8
 10032 | D:7      | Noticed Dowan
 10035 | D:7      | Noticed Duvessa
 10430 | D:7      | Killed Dowan
 10729 | D:8      | Reached skill level 9 in Unarmed Combat
 10947 | D:8      | Noticed Psyche
 11010 | D:8      | Reached XP level 8. HP: 18/36 MP: 9/9
 11297 | D:7      | Killed Duvessa
 11804 | D:8      | Noticed Lucio's ghost (novice VSCj)
 12241 | D:5      | Reached skill level 10 in Unarmed Combat
 14079 | D:2      | Reached XP level 9. HP: 21/39 MP: 10/10
 15075 | D:6      | Reached skill level 11 in Unarmed Combat
 15225 | D:8      | Killed from afar by Lucio's ghost

Skill      XL: |  1  2  3  4  5  6  7  8  9 |
---------------+----------------------------+-----
Stealth        | 1 2 3 5 6 |  6.8
Unarmed Combat | 5 6 7 9 10 11 | 11.0
Dodging        | 5 7 8 |  8.2
Fighting       | 4 |  4.4

Action                   |  1- 3 |  4- 6 |  7- 9 || total
-------------------------+-------+-------+-------++-------
Melee: Unarmed           |   143 |   207 |   338 ||   688
       Bite              |    15 |    29 |    39 ||    83
       Punch             |     3 |     5 |     9 ||    17
  Use: Potion            |       |     3 |     4 ||     7
 Stab: Sleeping          |     1 |     5 |     4 ||    10
       Distracted        |       |       |     2 ||     2
  Eat: Chunk             |     6 |     7 |    10 ||    23
       Royal jelly       |       |     1 |       ||     1
Armor: Skin              |     6 |     5 |     7 ||    18
Dodge: Dodged            |   125 |   160 |   222 ||   507
